 Dungeon Crawl Stone Soup version 0.31.0-12-g77e489cdc1 (webtiles) character file.

Game seed: 1239426341233704033

10452 DildoBatman the Geomancer (level 11, -11/20 (80) HPs)
             Began as a Formicid Conjurer on Feb 12, 2024.
             Was an Initiate of Gozag.
             Mangled by a boulder beetle (14 damage)
             ... on level 11 of the Dungeon.
             The game lasted 00:54:48 (12139 turns).

DildoBatman the Geomancer (Formicid Conjurer)      Turns: 12139, Time: 00:54:48

HP:   -11/20 (80)   AC:  8    Str: 12    XL:     11   Next: 93%
MP:   29/29         EV: 17    Int: 25    God:    Gozag
Gold: 657           SH:  5    Dex: 12    Spells: 1/22 levels left

rFire   . . .        r - +1 great sword of Awkwardness {vamp, Int+3}
rCold   . . .        g - +0 buckler
rNeg    . . .        a - +2 leather armour {Will+}
rPois   .            (helmet unavailable)
rElec   .            R - +0 cloak
rCorr   .            k - +0 pair of gloves
SInv    +            (no boots)
Will    ++...        A - amulet of regeneration
Stlth   ++           Q - +5 ring of evasion
HPRegen 1.03/turn    o - ring of magical power
MPRegen 0.21/turn

%: no passive effects
@: studying Short Blades, extremely drained
A: permanent stasis, dig shafts and tunnels, antennae 3, four strong arms
a: Dig, Shaft Self, Renounce Religion, Potion Petition, Call Merchant, Bribe
Branch


You were on level 11 of the Dungeon.
You worshipped Gozag.
Gozag was pleased with you.
You visited 3 branches of the dungeon, and saw 13 of its levels.
You also visited: Ossuary.

You collected 1064 gold pieces.
You spent 22 gold pieces at shops.
You paid 385 gold pieces to Gozag.

Inventory:

Hand Weapons
 r - the +1 great sword of Awkwardness (weapon) {vamp, Int+3}
   (You found it on level 2 of the Dungeon)

   Int+3:     It affects your intelligence (+3).
 y - the +6 rapier "Vusel" {flame, rElec rC- rN+}
   (You found it on level 9 of the Dungeon)

   rC-:       It makes you vulnerable to cold.
   rElec:     It insulates you from electricity.
   rN+:       It protects you from negative energy.
Missiles
 c - a curare-tipped dart
 e - 3 atropa-tipped darts
 u - 4 throwing nets
 S - 3 datura-tipped darts
 X - 31 poisoned darts
 Y - 5 javelins
Armour
 a - a +2 leather armour of willpower (worn)
 g - a +0 buckler (worn)
 k - a +0 pair of gloves (worn)
 v - a scarf of repulsion
 K - a +0 kite shield
 R - a +0 cloak (worn)
 U - +0 acid dragon scales
Magical Staves
 N - a staff of death
Jewellery
 h - a ring of flight
 l - a +4 ring of protection
 o - a ring of magical power (right hand)
 z - a +6 ring of dexterity
 A - an amulet of regeneration (around neck)
 C - a ring of willpower
 Q - a +5 ring of evasion (left hand)
Talismans
 s - a maw talisman
Wands
 w - a wand of paralysis (15)
 J - a wand of mindburst (11)
Scrolls
 d - 2 scrolls of amnesia {unknown}
 f - a scroll of revelation
 j - 2 scrolls of immolation
 n - 4 scrolls of enchant weapon
 B - a scroll of butterflies {unknown}
 E - 2 scrolls of vulnerability
 I - 2 scrolls of torment
 P - 3 scrolls of enchant armour {unknown}
 T - a scroll of silence {unknown}
 V - a scroll of brand weapon {unknown}
 W - 3 scrolls of fog
 Z - a scroll of poison {unknown}
Potions
 b - a potion of magic
 m - 6 potions of curing
 p - a potion of mutation {unknown}
 q - 4 potions of brilliance {unknown}
 t - 4 potions of heal wounds
 x - 3 potions of berserk rage {unknown}
 D - 3 potions of ambrosia
 F - 3 potions of enlightenment
 G - 4 potions of attraction {unknown}
 H - a potion of degeneration {unknown}
 L - 2 potions of might
 O - 5 potions of lignification


   Skills:
 - Level 5.5 Fighting
 - Level 5.5 Armour
 - Level 3.5 Dodging
 - Level 4.0 Stealth
 - Level 4.0 Shields
 - Level 6.0 Spellcasting
 - Level 6.0 Conjurations
 - Level 9.0 Necromancy
 - Level 6.0 Ice Magic
 * Level 9.8 Earth Magic


You had one spell level left.
You knew the following spells:

 Your Spells              Type           Power      Damage    Failure   Level
a - Searing Ray           Conj           74%        2d7       1%          2
b - Ozocubu's Armour      Ice            37%        N/A       3%          3
c - Magic Dart            Conj           100%       1d8       1%          1
d - Vampiric Draining     Necr           51%        2d9       1%          3
e - Frozen Ramparts       Ice            74%        1d12      3%          3
f - Borgnjor's Vile Clut  Necr/Erth      26%        N/A       8%          5
h - Dispel Undead         Necr           51%        3d19      3%          4

Your spell library contained the following spells:

 Spells                   Type           Power      Damage    Failure   Level
 Freeze                   Ice            100%       1d10      1%          1
 Kiss of Death            Conj/Necr      100%       2d13      1%          1
 Necrotise                Necr           100%       1d9       1%          1
 Sting                    Conj/Alch      88%        1d8       3%          1
 Apportation              Tloc           14%        N/A       13%         1
 Summon Small Mammal      Summ           28%        N/A       13%         1
 Fugue of the Fallen      Necr           51%        N/A       1%          3
 Hailstorm                Conj/Ice       37%        3d9       3%          3
 Curse of Agony           Necr           51%        N/A       9%          5
 Call Imp                 Summ           14%        N/A       19%         2
 Martyr's Knell           Necr/Summ      30%        N/A       21%         4
 Fulminant Prism          Conj/Alch      11%        3d8       36%         4
 Iskenderun's Mystic Bla  Conj/Tloc      22%        2d6       36%         4
 Manifold Assault         Tloc           7%         N/A       77%         4
 Haunt                    Necr/Summ      15%        N/A       100%        7
 Borgnjor's Revivificati  Necr           25%        N/A       100%        8
 Death's Door             Necr           25%        N/A       100%        9
 Blink                    Tloc           Unusable   N/A       N/A         2

Dungeon Overview and Level Annotations

Branches:
Dungeon (11/15)            Temple (1/1) D:7             Orc (1/2) D:9
Ossuary (visited)
   Lair: D:8-11

Altars:
Ashenzari
Cheibriados
Dithmenos
Elyvilon
Fedhas
Gozag
Hepliaklqana
Kikubaaqudgha
Makhleb
Nemelex Xobeh
Okawaru
Qazlal
Ru
Sif Muna
Trog
Uskayaw
Vehumet
Wu Jian
Xom
Yredelemnul
Zin
The Shining One

Shops:
D:2 [   D:6 =(*[   D:9 (   D:10 =   D:11 *

Annotations:
Orc:1 Nergalle


Innate Abilities, Weirdness & Mutations

You cannot be hasted, slowed, berserked, paralysed or teleported.
You can dig through walls and to a lower floor.
You have a pair of large antennae on your head. (SInv)
Your four strong arms can wield two-handed weapons with a shield.


Message History

Confirm with . or Enter, or press ? or * to list all spells.
Aiming: Dispel Undead (dangerous; 3% risk of failure)
Press: ? - help, Shift-Dir - straight line, f - vampire mosquito
Aim: a vampire mosquito (100% to hit)
The vampire mosquito is dispelled!!!
You destroy the vampire mosquito!
No target in view!
You start resting.
HP restored.
You start resting.
Your icy armour starts to melt.
You start resting.
Your icy armour evaporates.
You start resting.
Magic restored.
You now have 644 gold pieces (gained 6).
You now have 657 gold pieces (gained 13).
Found a scroll of blinking.
You hear Kikubaaqudgha cackling.
You feel drained.
You open the door.
A boulder beetle and a cyclops come into view.
The cyclops shouts!
The boulder beetle curls into a ball and begins rolling!
Found 6 stones.
Found Vimuho's Pet Rocks.
Casting: Dispel Undead (extremely dangerous; 3% risk of failure)
Confirm with . or Enter, or press ? or * to list all spells.
Okay, then.
Unknown command.
Unknown command.
The boulder beetle hits you!!
Ouch! That really hurt!
The boulder beetle stops rolling and uncurls.
You begin to dig a shaft.
You continue digging a shaft.
The boulder beetle bites you!
Ouch! That really hurt!
You die...
Your body crumbles into a pile of gold.

#.#####.## #...... .
........#######..... . .
............# ##...#
#.#.##+##.#.###.#####'##
..#...#.#.# #.....#.#
.#(C.#.#.###.....#.#
#°.(#.#.........#.##
#.##B##..####.........
#....@................
######...######.#....#
##### #.#.#.## #.#.###.
#....... ###.#### #.....
######


You could see a boulder beetle and a cyclops.

Vanquished Creatures
  The ghost of Peach3228 the Digger, a novice DrEE (D:6)
  2 kobold blastminers (Orc:1)
  A kobold demonologist (D:11)
  A komodo dragon (D:10)
  Grinder (D:2)
  2 vampires (D:10)
  4 yaks (D:9)
  4 vampire mosquitoes (D:11)
  2 acid dragons
  3 water moccasins
  2 orc warriors (D:9)
  A black bear (D:6)
  The ghost of AlterAsc the Chopper, an amateur HOFi of Zin (D:3)
  2 sky beasts
  3 ice beasts
  5 ogres
  9 centaurs
  2 wolves (D:9)
  A komodo dragon zombie (D:10)
  2 phantoms
  3 elf zombies (Ossuary)
  A weeping skull (Ossuary)
  6 bullfrogs
  5 kobold brigands
  A wyvern zombie (D:6)
  5 gnoll sergeants
  An elf skeleton (D:4)
  5 scorpions
  2 burial acolytes (Ossuary)
  6 wights (D:7)
  13 killer bees
  3 howler monkeys
  A bombardier beetle (D:5)
  6 orc priests
  3 gnoll boudas
  5 hounds
  4 jellies
  2 sleepcaps
  7 orc wizards
  Natasha (thrice) (D:2)
  4 iguanas
  3 human skeletons (D:4)
  3 hound zombies (Ossuary)
  2 mummies (Ossuary)
  A howler monkey zombie (D:6)
  Robin (D:2)
  27 gnolls
  7 adders
  A white imp (D:6)
  4 ufetubi
  2 ribbon worms
  29 orcs
  10 endoplasms
  2 giant cockroaches (D:3)
  12 goblins
  10 hobgoblins
  11 jackals
  7 quokkas
  7 ball pythons
  4 bats
  3 frilled lizards
  4 gnoll zombies (Ossuary)
  18 kobolds
  2 orc skeletons (D:4)
  7 orc zombies
  5 rats
317 creatures vanquished.

Notes
Turn   | Place    | Note
-------+----------+-------------------------------------------
     0 | D:1      | DildoBatman the Formicid Conjurer began the quest for the
                  | Orb.
     0 | D:1      | Reached XP level 1. HP: 13/13 MP: 3/3
   295 | D:1      | Reached XP level 2. HP: 20/20 MP: 3/5
   298 | D:1      | Learned a level 2 spell: Searing Ray
   527 | D:1      | Found a faded altar of an unknown god.
   560 | D:1      | Reached XP level 3. HP: 8/25 MP: 3/6
  1306 | D:2      | Reached skill level 1 in Armour
  1308 | D:2      | Reached skill level 1 in Fighting
  1375 | D:2      | Found Iluq Lips's Armour Shop.
  1389 | D:2      | Reached XP level 4. HP: 32/32 MP: 7/7
  1696 | D:2      | Identified the +1 great sword of Awkwardness {vamp, Int+3}
  1993 | D:3      | Found a transporter.
  2076 | D:3      | Found a transporter.
  2103 | D:3      | Noticed AlterAsc's ghost (amateur HOFi)
  2169 | D:3      | Noticed Grinder
  2256 | D:3      | Reached XP level 5. HP: 33/37 MP: 9/9
  2306 | D:3      | Found a blossoming altar of Fedhas.
  2770 | D:4      | Reached XP level 6. HP: 44/44 MP: 10/10
  2782 | D:4      | Found a glowing golden altar of the Shining One.
  2802 | D:4      | Noticed an ogre
  2863 | D:4      | Noticed an ogre
  2884 | D:4      | Noticed an ogre
  3027 | D:4      | Killed an ogre
  3085 | D:4      | Found a sand-covered staircase.
  3098 | D:4      | Reached XP level 7. HP: 30/51 MP: 12/12
  3100 | Ossuary  | Entered an ossuary
  3483 | Ossuary  | Reached skill level 5 in Conjurations
  3483 | Ossuary  | Reached XP level 8. HP: 59/60 MP: 11/14
  4306 | D:5      | Entered Level 5 of the Dungeon
  4479 | D:5      | Reached skill level 5 in Spellcasting
  4499 | D:5      | Reached skill level 5 in Armour
  4747 | D:5      | Reached skill level 5 in Fighting
  4747 | D:5      | Reached skill level 1 in Shields
  4747 | D:5      | Reached XP level 9. HP: 68/68 MP: 16/16
  4862 | D:6      | Found Egenag's Assorted Antiques.
  5019 | D:7      | Found a staircase to the Ecumenical Temple.
  5025 | Temple   | Entered the Ecumenical Temple
  5040 | Temple   | Became a worshipper of Kikubaaqudgha
  5380 | D:7      | Reached * piety under Kikubaaqudgha
  5380 | D:7      | Received a gift from Kikubaaqudgha
  5385 | D:7      | Learned a level 3 spell: Vampiric Draining
  5392 | D:7      | Learned a level 3 spell: Frozen Ramparts
  5410 | D:7      | Reached skill level 1 in Necromancy
  5410 | D:7      | Reached skill level 1 in Ice Magic
  6036 | D:2      | Killed Grinder
  6037 | D:2      | Reached XP level 10. HP: 35/74 MP: 19/19
  6057 | D:2      | Noticed Robin
  6064 | D:2      | Killed Robin
  6114 | D:2      | Noticed Natasha
  6119 | D:2      | Killed Natasha
  6245 | D:2      | Reached ** piety under Kikubaaqudgha
  6429 | D:2      | Noticed Natasha
  6431 | D:2      | Killed Natasha
  6696 | D:2      | Noticed Natasha
  6699 | D:2      | Killed Natasha
  7011 | D:4      | Learned a level 3 spell: Ozocubu's Armour
  7092 | D:6      | Bought a dark potion for 22 gold pieces
  7104 | D:6      | Found Wiar's Antique Armour Boutique.
  7169 | D:6      | Found Ucihexiz's Weapon Boutique.
  7199 | D:6      | Found a runed translucent gate.
  7200 | D:6      | Found a runed translucent gate.
  7200 | D:6      | Found a runed translucent gate.
  7200 | D:6      | Noticed Peach3228's ghost (novice DrEE)
  7202 | D:6      | Found a basalt altar of Yredelemnul.
  7297 | D:6      | Found Luyqyogi's Jewellery Shoppe.
  7551 | D:7      | Reached skill level 5 in Necromancy
  7551 | D:7      | Reached skill level 5 in Ice Magic
  8126 | D:7      | Reached *** piety under Kikubaaqudgha
  8126 | D:7      | Received a gift from Kikubaaqudgha
  8173 | D:7      | Learned a level 4 spell: Dispel Undead
  8179 | D:7      | Learned a level 5 spell: Borgnjor's Vile Clutch
  9092 | D:9      | Reached **** piety under Kikubaaqudgha
  9392 | D:9      | Reached XP level 11. HP: 80/80 MP: 19/20
  9473 | D:9      | Found a staircase to the Orcish Mines.
  9586 | D:9      | Identified the +6 rapier "Vusel" {flame, rElec rC- rN+}
  9830 | D:9      | Found Aboif's Antique Weapon Boutique.
  9868 | D:9      | Reached skill level 1 in Earth Magic
  9876 | D:9      | Reached ***** piety under Kikubaaqudgha
 10328 | D:3      | Reached skill level 5 in Earth Magic
 10330 | D:3      | Killed AlterAsc's ghost
 10547 | D:6      | Killed Peach3228's ghost
 10642 | Orc:1    | Entered Level 1 of the Orcish Mines
 10659 | Orc:1    | Noticed Nergalle
 10805 | D:9      | Fell from the grace of Kikubaaqudgha
 10875 | Temple   | Became a worshipper of Gozag Ym Sagoz the Greedy
 10935 | D:10     | Entered Level 10 of the Dungeon
 11375 | D:10     | Found Enemityu's Jewellery Emporium.
 12137 | D:11     | Found Vimuho's Pet Rocks.
 12137 | D:11     | Noticed a boulder beetle
 12137 | D:11     | Noticed a cyclops
 12139 | D:11     | Mangled by a boulder beetle

Illustrated notes

Levels and vault maps discovered:
D:1:      dpeg_arrival_erosion, layout_basic, dreamdust_ecumenical_altar_grove,
          minivault_26, nicolae_figureground_sparkle
D:2:      layout_basic, serial_shops, shop, nicolae_houndstooth_variations,
          uniq_robin, uniq_natasha
D:3:      layout_rooms, amcnicky_altar_gilded, gammafunk_ghost_gnarly_gnolls,
          palyth_stone_intersect, uniq_grinder
D:4:      layout_basic, kennysheep_little_box, nicolae_ossuary_entry_catacombs,
          serial_glass, glass_columns_c, glass_columns_a, glass_columns_c,
          glass_columns_b, glass_columns_c, glass_columns_b,
          chequers_serial_rivers_micro_b
D:5:      layout_basic
D:6:      layout_rooms, nicolae_yredelemnul_ghost_church, serial_shops, shop,
          shop, shop, shop
D:7:      cheibrodos_barr_body, layout_layer_cave, minmay_temple_entry_hall
D:8:      layout_loops_ring
D:9:      layout_cave_pods, david_orc_1_choice, serial_gnoll_camp,
          gnoll_camp_medium_02, gnoll_camp_mini_shop, gnoll_camp_mini_house,
          gnoll_camp_huts_basic
D:10:     layout_gridville, serial_shops, shop
D:11:     layout_loops_corners, david_lair_generic, guppyfry_shop_earth
Temple:   hellmonk_temple_of_storms
Orc:1:    layout_caves, uniq_erica, uniq_nergalle

Skill      XL: |  1  2  3  4  5  6  7  8  9 10 11 |
---------------+----------------------------------+-----
Dodging        | 2 3 |  3.5
Stealth        | 3 4 |  4.0
Armour         | 1 2 3 5 |  5.5
Fighting       | 1 2 3 5 |  5.5
Conjurations   | 4 5 6 |  6.0
Spellcasting   | 3 4 5 6 |  6.0
Shields        | 1 4 |  4.0
Necromancy     | 3 7 9 |  9.0
Ice Magic      | 3 6 |  6.0
Earth Magic    | 9 |  9.8

Action                     |  1- 3 |  4- 6 |  7- 9 | 10-12 || total
---------------------------+-------+-------+-------+-------++-------
  Melee: Spear             |    19 |       |       |       ||    19
         Great sword       |       |    19 |    71 |   219 ||   309
   Fire: Sling             |    16 |    53 |       |       ||    69
   Cast: Magic Dart        |    24 |    20 |    39 |    27 ||   110
         Searing Ray       |     3 |    19 |    53 |    65 ||   140
         Frozen Ramparts   |       |       |     1 |    12 ||    13
         Ozocubu's Armour  |       |       |       |    35 ||    35
         Dispel Undead     |       |       |       |    18 ||    18
         Vampiric Draining |       |       |       |     6 ||     6
         Borgnjor's Vile C |       |       |       |     1 ||     1
 Invoke: Renounce Religion |       |       |       |     1 ||     1
Ability: Dig               |     1 |       |       |       ||     1
         Shaft Self        |       |       |       |     1 ||     1
  Evoke: Wand              |       |       |     2 |     3 ||     5
    Use: Scroll            |       |     1 |     6 |    11 ||    18
   Stab: Sleeping          |     2 |       |     2 |     2 ||     6
         Paralysed         |       |       |     3 |     3 ||     6
 Armour: Robe              |    17 |    33 |   112 |    25 ||   187
         Leather armour    |       |       |       |   231 ||   231
  Dodge: Dodged            |    21 |    36 |   121 |   486 ||   664
         Repelled          |       |       |     2 |       ||     2
  Block: Buckler           |       |       |    25 |   154 ||   179
